 Dungeon Crawl Stone Soup version 0.30-a0-292-g0f741e3f8e (webtiles) character file.

Game seed: 438417961567211977

5406 jlumianski the Cleaver (level 10, -5/115 HPs)
             Began as a Demonspawn Gladiator on Oct 17, 2022.
             Was a Priest of Qazlal.
             Slain by a death yak (20 damage)
             ... on level 8 of the Dungeon.
             The game lasted 00:41:25 (10359 turns).

jlumianski the Cleaver (Demonspawn Gladiator)      Turns: 10359, Time: 00:41:26

Health: -5/115     AC: 17    Str: 23    XL:     10   Next: 40%
Magic:  14/14      EV: 13    Int:  9    God:    Qazlal [***...]
Gold:   176        SH:  4    Dex: 14    Spells: 9/9 levels left

rFire   + . .      SeeInvis +    G - +0 battleaxe
rCold   . . .      Faith    .    (shield currently unavailable)
rNeg    . . .      Spirit   .    R - +0 chain mail "Seydod" {rF+ Str+3}
rPois   .          Reflect  .    y - +2 helmet
rElec   .          Harm     .    U - +2 cloak
rCorr   .          Rampage  .    (no gloves)
Will    .....                    J - +0 pair of boots "Ristor Rul" {Fly}
Stlth   ..........               (no amulet)
HPRegen 0.39/turn                l - ring of see invisible
MPRegen 0.14/turn                A - ring of flight

@: berserking, flying, repel missiles, very quick
A: claws 1, repulsion field 3, ignite blood 1
a: Renounce Religion, Upheaval, Elemental Force


You were on level 8 of the Dungeon.
You worshipped Qazlal.
Qazlal was most pleased with you.
You visited 3 branches of the dungeon, and saw 11 of its levels.
You also visited: Ossuary.

You collected 356 gold pieces.
You spent 180 gold pieces at shops.

Inventory:

Hand Weapons
 G - a +0 battleaxe (weapon)
 H - a +0 trident of flaming
Missiles
 d - 4 throwing nets
 C - a javelin
 E - 15 boomerangs (quivered)
Armour
 y - a +2 helmet (worn)
 J - the +0 pair of boots "Ristor Rul" (worn) {Fly}
   (You bought it in a shop on level 4 of the Dungeon)

   Fly:       It grants you flight.
 R - the +0 chain mail "Seydod" (worn) {rF+ Str+3}
   (You found it on level 7 of the Dungeon)

   Str:       It affects your strength (+3).
   rF:        It protects you from fire.
 U - a +2 cloak (worn)
Jewellery
 a - an amulet of magic regeneration
 l - a ring of see invisible (left claw)
 s - an amulet of faith
 A - a ring of flight (right claw)
 N - a ring of wizardry
Wands
 e - a wand of polymorph (6)
 o - a wand of mindburst (9)
 F - a wand of flame (13)
 I - a wand of quicksilver (22)
 M - a wand of roots (4)
Potions
 i - 2 potions of ambrosia
 n - 4 potions of might
 q - 9 potions of curing
 t - 3 potions of attraction
 x - 2 potions of cancellation
 z - 2 potions of berserk rage
 L - a potion of invisibility
 T - a potion of resistance


   Skills:
 + Level 6.7 Fighting
 + Level 10.0 Axes
 + Level 2.5 Throwing
 + Level 4.6 Armour
 + Level 4.0 Dodging
 - Level 0.9 Stealth
 + Level 0.9 Shields
 * Level 5.9 Invocations
 * Level 4.5 Evocations


You had 9 spell levels left.
You didn't know any spells.
Your spell library contained the following spells:

 Spells                   Type           Power      Damage    Failure   Level
 Beastly Appendage        Tmut           0%         N/A       96%         1
 Foxfire                  Conj/Fire      0%         2x1d4     96%         1
 Slow                     Hex            0%         N/A       96%         1
 Blink                    Tloc           0%         N/A       99%         2
 Momentum Strike          Conj/Tloc      0%         3d8       99%         2
 Wereblood                Tmut           0%         N/A       99%         2
 Call Canine Familiar     Summ           0%         N/A       100%        3
 Lesser Beckoning         Tloc           0%         N/A       100%        3
 Ozocubu's Armour         Ice            0%         N/A       100%        3
 Portal Projectile        Hex/Tloc       0%         N/A       100%        3
 Spider Form              Tmut/Pois      0%         N/A       100%        3
 Stone Arrow              Conj/Erth      0%         3d7       100%        3
 Animate Armour           Summ/Erth      0%         N/A       100%        4
 Leda's Liquefaction      Hex/Erth       0%         N/A       100%        4
 Manifold Assault         Tloc           0%         N/A       100%        4
 Metabolic Englaciation   Hex/Ice        0%         N/A       100%        5
 Summon Forest            Summ/Tloc      0%         N/A       100%        5
 Summon Mana Viper        Hex/Summ       0%         N/A       100%        5
 Dispersal                Tloc           0%         N/A       100%        6
 Simulacrum               Ice/Necr       0%         N/A       100%        6
 Summon Cactus Giant      Summ           0%         N/A       100%        6
 Disjunction              Tloc           0%         N/A       100%        8
 Lehudib's Crystal Spear  Conj/Erth      0%         10d2      100%        8
 Chain Lightning          Conj/Air       0%         N/A       100%        9
 Fire Storm               Conj/Fire      0%         5d1       100%        9
 Shatter                  Erth           0%         3d5*      100%        9


Dungeon Overview and Level Annotations

Branches:
Dungeon (9/15)             Temple (1/1) D:4            Lair (1/5) D:8
Ossuary (visited)
    Orc: D:9-12

Altars:
Ashenzari
Cheibriados
Dithmenos
Fedhas
Gozag
Hepliaklqana
Kikubaaqudgha
Makhleb
Nemelex Xobeh
Okawaru
Qazlal
Ru
Sif Muna
Trog
Uskayaw
Vehumet
Wu Jian
Xom
Yredelemnul

Shops:
D:4 [

Annotations:
D:8 exclusion: statue
Lair:1 3 runed translucent doors, Zuagil's ghost, journeyman DrCj


Innate Abilities, Weirdness & Mutations

You have sharp fingernails.
You are surrounded by a strong repulsion field. (EV +4, RMsl)
Your demonic aura sometimes causes spilled blood to erupt in flames.


Message History

The water moccasin is severely wounded.
The water moccasin is engulfed in blazing flames.
The water moccasin completely misses you.
The water moccasin is engulfed in blazing flames.
You kill the water moccasin!
Qazlal accepts your kill.
There is a staircase to the Lair here.
You fly downwards.
Welcome back to the Lair of Beasts!
You feel a wave of frost pass over you.
There is an entrance to an ice cave on this level.
Hurry and find it before the portal melts!
Level annotation: 3 runed translucent doors, Zuagil's ghost, journeyman DrCj You hear the faint crackling of a very distant melting archway.
The death yak barely misses you. You block the death yak's attack.
The yak gores you. The death yak barely misses you.
The death yak gores you but does no damage.
The death yak closely misses you. The death yak gores you!! The yak gores you!
There is a staircase back to the Dungeon, spattered with blood here.
The yak gores you but does no damage. The death yak gores you!!
The death yak barely misses you. The death yak gores you!
* * * LOW HITPOINT WARNING * * *
You fly upwards.
Welcome back to the Dungeon!
Level annotation: exclusion: statue
There is a staircase to the Lair here.
You aren't carrying any scrolls.
You feel much better. You block the yak's attack. The death yak gores you!
The death yak gores you. The death yak barely misses you.
A red film seems to cover your vision as you go berserk!
You feel yourself moving faster!
You feel mighty! The yak barely misses you.
The death yak gores you but does no damage.
The death yak gores you.
The death yak gores you but does no damage.
You closely miss the yak. You barely miss the death yak.
You slash the death yak! You hit the death yak but do no damage.
The yak closely misses you. The death yak gores you!
* * * LOW HITPOINT WARNING * * *
The death yak gores you!
* * * LOW HITPOINT WARNING * * *
The death yak is engulfed in blazing flames.
The death yak gores you!!
You die...

#........# #........#
#..###...##
#..##.....##
#..#.......#
#..#.......## ###
###.........# ##.####
#.....Y§Y...##
......####......@Y....#
####.<.........Y.§....#
##..[..###............#
...#...# #..#..P.:..#.#
####...# #..#.......#.#
..>....###[###.....##.#
..##.....#.# ##...###.#
...#...#.#.# #...##...#
.).......#.# ###....###


You could see 3 death yaks and a yak.

Vanquished Creatures
  A troll (D:8)
  A wyvern (D:7)
  3 yaks (D:8)
  Eustachio (D:5)
  A basilisk (Lair:1)
  2 wargs
  3 water moccasins
  2 sky beasts (D:7)
  3 orc warriors
  3 phantoms
  2 necrophages
  A gnoll sergeant (D:6)
  15 scorpions
  A bullfrog (D:8)
  5 wights (D:7)
  6 killer bees
  4 centaur zombies (Ossuary)
  4 hounds
  3 jellies
  A gnoll bouda (D:6)
  7 orc priests
  Crazy Yiuf (D:3)
  4 iguanas
  2 scorpion zombies (Ossuary)
  Ijyb (D:3)
  9 orc wizards
  3 mummies (Ossuary)
  Robin (D:3)
  8 gnolls
  12 adders
  A shadow imp (D:6)
  3 white imps
  3 ufetubi
  3 dart slugs
  A worm (D:3)
  28 orcs
  10 bats
  12 endoplasms
  4 giant cockroaches
  2 gnoll zombies (Ossuary)
  16 goblins
  11 hobgoblins
  5 jackals (D:4)
  6 kobolds
  6 quokkas
  2 ball pythons
  3 frilled lizards
  2 goblin zombies (Ossuary)
  3 hobgoblin zombies (Ossuary)
  A kobold zombie (Ossuary)
  6 rats
238 creatures vanquished.

Vanquished Creatures (others)
  An orc wizard (D:7)
  2 fungi (Lair:1)
  2 plants (Lair:1)
5 creatures vanquished.

Grand Total: 243 creatures vanquished

Notes
Turn   | Place    | Note
-------+----------+-------------------------------------------
     0 | D:1      | jlumianski the Demonspawn Gladiator began the quest for the
                  | Orb.
     0 | D:1      | Reached XP level 1. HP: 16/16 MP: 1/1
   173 | D:2      | Reached skill level 3 in Axes
   182 | D:2      | Gained mutation: You have sharp fingernails. [demonic
                  | ancestry]
   182 | D:2      | Reached XP level 2. HP: 22/22 MP: 2/2
   334 | D:2      | Gained mutation: You are surrounded by a mild repulsion
                  | field. (EV +2) [demonic ancestry]
   334 | D:2      | Reached XP level 3. HP: 27/28 MP: 3/3
   648 | D:2      | Found a faded altar of an unknown god.
  1321 | D:2      | Found a snail-covered altar of Cheibriados.
  1392 | D:2      | Gained mutation: Your demonic aura sometimes causes spilled
                  | blood to erupt in flames. [demonic ancestry]
  1392 | D:2      | Reached XP level 4. HP: 33/34 MP: 4/4
  1836 | D:3      | Noticed a scorpion
  1839 | D:3      | Noticed Ijyb
  1952 | D:2      | Killed a scorpion
  1953 | D:2      | Reached skill level 4 in Axes
  1953 | D:2      | Reached XP level 5. HP: 33/41 MP: 5/5
  2001 | D:3      | Killed Ijyb
  2088 | D:3      | Found a hide-covered altar of Uskayaw.
  2194 | D:3      | Noticed Robin
  2266 | D:3      | Killed Robin
  2311 | D:3      | Reached skill level 1 in Armour
  2359 | D:3      | Reached XP level 6. HP: 28/47 MP: 6/6
  2448 | D:5      | Entered Level 5 of the Dungeon
  2479 | D:5      | Found a sand-covered staircase.
  2496 | Ossuary  | Entered an ossuary
  2615 | Ossuary  | Reached skill level 5 in Axes
  2670 | Ossuary  | Gained mutation: You are surrounded by a moderate repulsion
                  | field. (EV +3) [demonic ancestry]
  2670 | Ossuary  | Reached XP level 7. HP: 54/54 MP: 7/7
  2735 | Ossuary  | Reached skill level 6 in Axes
  3162 | Ossuary  | Reached skill level 7 in Axes
  3162 | Ossuary  | Reached XP level 8. HP: 44/61 MP: 8/8
  3498 | D:3      | Found a runed translucent door.
  3499 | D:3      | Noticed Crazy Yiuf
  3753 | D:3      | Found an ornate altar of the Wu Jian Council.
  3753 | D:3      | Found a burning altar of Makhleb.
  3761 | D:3      | Found an ancient bone altar of Kikubaaqudgha.
  4147 | D:3      | Killed Crazy Yiuf
  4148 | D:3      | Reached skill level 5 in Fighting
  4328 | D:4      | Found a staircase to the Ecumenical Temple.
  4352 | Temple   | Entered the Ecumenical Temple
  4564 | Temple   | Became a worshipper of Qazlal Stormbringer
  4761 | D:4      | Found Nastragh's Antique Armour Shoppe.
  5080 | D:4      | Found a shimmering blue altar of Sif Muna.
  5092 | D:4      | Got Sif Muna's Catalogue of Igneous Guile
  5101 | D:4      | Reached skill level 8 in Axes
  5146 | D:4      | Found a bloodstained altar of Trog.
  5235 | D:4      | Found a shimmering altar of Xom.
  5300 | D:4      | Reached skill level 1 in Evocations
  5385 | D:5      | Reached skill level 1 in Invocations
  5391 | D:5      | Reached * piety under Qazlal
  5602 | D:6      | Noticed Eustachio
  5628 | D:5      | Killed Eustachio
  5629 | D:5      | Gained mutation: You are surrounded by a strong repulsion
                  | field. (EV +4, RMsl) [demonic ancestry]
  5629 | D:5      | Reached XP level 9. HP: 58/69 MP: 10/10
  5748 | D:4      | Bought a pair of scorched boots for 180 gold pieces
  5748 | D:4      | Identified the +0 pair of boots "Ristor Rul" {Fly} (You
                  | bought it in a shop on level 4 of the Dungeon)
  5814 | D:5      | Identified the +6 long sword of the Sheltering Stork
                  | {drain, *Rage rN+ Str+8 Dex-2}
  7282 | D:7      | Reached ** piety under Qazlal
  7290 | D:7      | Reached skill level 9 in Axes
  7705 | D:7      | Identified the +0 chain mail "Seydod" {rF+ Str+3}
  8082 | D:8      | Found a staircase to the Lair.
  8868 | D:7      | Reached skill level 5 in Invocations
  8969 | D:8      | Identified the +1 leather armour of an ice cave {rCorr
                  | Int+4}
  8995 | D:8      | Reached XP level 10. HP: 48/77 MP: 13/13
  9569 | D:8      | Reached *** piety under Qazlal
  9952 | D:8      | Found a radiant altar of Vehumet.
 10151 | Lair:1   | Entered Level 1 of the Lair of Beasts
 10217 | Lair:1   | Found a runed translucent gate.
 10217 | Lair:1   | Found a runed translucent gate.
 10217 | Lair:1   | Found a runed translucent gate.
 10217 | Lair:1   | Noticed a cane toad
 10249 | Lair:1   | Reached skill level 10 in Axes
 10322 | Lair:1   | Noticed a death yak
 10326 | Lair:1   | Noticed a death yak
 10326 | Lair:1   | Noticed a death yak
 10327 | Lair:1   | Noticed a death yak
 10335 | Lair:1   | Noticed Zuagil's ghost (journeyman DrCj)
 10359 | D:8      | Slain by a death yak

Illustrated notes

Levels and vault maps discovered:
D:1:      lemuel_arrival_cross, layout_basic, minmay_pentomino_q4
D:2:      layout_loops_ring, ebering_ecumenical_altar_mist, basic_altar
D:3:      layout_basic, minitemple, mainiacjoe_overflow_chevrons,
          minmay_fountain_box, uniq_robin, uniq_crazy_yiuf_cottage, uniq_ijyb
D:4:      layout_basic, nzn_overflow_gifts_of_might_and_magic, xom_butterflies,
          temple_fountains, serial_shops, kennysheep_mini
D:5:      layout_rooms, enter_ossuary_1, minmay_misc_feat_rows
D:6:      layout_cave_pods, uniq_eustachio
D:7:      layout_basic
D:8:      layout_rooms, vehumet_statue, erik_lair_orcish_takeover
D:9:      layout_cave_pools, erik_orc_1, kennysheep_nondescript
Temple:   nicolae_temple_figure_eight
Lair:1:   layout_small_grid, maelrawn_ghost_gauntlet_escape,
          portal_ice_cave_rime, serial_bayou_shore_b,
          infiniplex_staircase_pool_2

Skill      XL: |  1  2  3  4  5  6  7  8  9 10 |
---------------+-------------------------------+-----
Axes           | 3 4 5 7 8 9 10 | 10.0
Dodging        | 3 4 |  4.0
Fighting       | 3 4 5 6 |  6.7
Armour         | 1 2 3 4 |  4.6
Throwing       | 2 |  2.5
Evocations     | 1 3 4 |  4.5
Invocations    | 2 5 |  5.9
Stealth        | |  0.9
Shields        | |  0.9

Action                   |  1- 3 |  4- 6 |  7- 9 | 10-12 || total
-------------------------+-------+-------+-------+-------++-------
Melee: War axe           |   124 |   135 |   210 |       ||   469
       Punch             |     2 |     2 |     7 |       ||    11
       Unarmed           |       |     3 |       |       ||     3
       Battleaxe         |       |       |   246 |    83 ||   329
Throw: Javelin           |       |     1 |     4 |       ||     5
       Boomerang         |       |       |     9 |     3 ||    12
Evoke: Wand              |       |     1 |     2 |       ||     3
  Use: Potion            |     1 |     5 |     2 |     3 ||    11
       Scroll            |     1 |     5 |    11 |       ||    17
Armor: Leather armour    |     9 |       |       |       ||     9
       Ring mail         |    12 |       |       |       ||    12
       Chain mail        |    69 |   127 |   251 |    70 ||   517
Dodge: Dodged            |    67 |   104 |   355 |    91 ||   617
       Repelled          |       |       |     1 |     1 ||     2
Block: Other             |       |       |    24 |    21 ||    45

Table legend: (Time is in decaauts)
 A = Elapsed time spent in this place.
 B = Non-inter-level travel time spent in this place.
 C = Inter-level travel time spent in this place.
 D = Time resting spent in this place.
 E = Time spent auto-exploring this place.
 F = Levels seen in this place.
 G = Mean time per level.
                   A        B        C        D        E       F      G
               +--------+--------+--------+--------+--------+-----+--------+
         Total |  10580 |  10294 |    286 |   1503 |   4429 |  12 |  881.7 |
       Dungeon |   9200 |   8914 |    286 |   1223 |   4176 |   9 | 1022.2 |
        Temple |    239 |    239 |      0 |      0 |    203 |   1 |  239.0 |
          Lair |    176 |    176 |      0 |      0 |     31 |   1 |  176.0 |
       Ossuary |    963 |    963 |      0 |    280 |     19 |   1 |  963.0 |
               +--------+--------+--------+--------+--------+-----+--------+

Top non-repeatable levels by time:
     D:7: 2411 daAuts
     D:3: 1608 daAuts
     D:2: 1084 daAuts
     D:6: 1080 daAuts
 Ossuary: 963 daAuts
     D:4: 811 daAuts
     D:1: 802 daAuts
     D:8: 708 daAuts
     D:5: 689 daAuts
  Temple: 239 daAuts
  Lair:1: 176 daAuts
     D:9: 3 daAuts
